 Dungeon Crawl Stone Soup version 0.26-a0-651-gb41185065b (webtiles) character file.

Game seed: 17413613759182506868

11078 Ozzies the Fighter (level 11, -11/104 HPs)
             Began as a Minotaur Fighter on Oct 13, 2020.
             Was a High Priest of Okawaru.
             Mangled by a soul eater (22 damage)
             ... summoned by an obsidian statue
             ... on level 9 of the Dungeon.
             The game lasted 00:27:24 (12014 turns).

Ozzies the Fighter (Minotaur Fighter)              Turns: 12014, Time: 00:27:25

Health: -11/104    AC: -5    Str: 22    XL:     11   Next: 44%
Magic:  14/14      EV: 12    Int:  5    God:    Okawaru [*****.]
Gold:   500        SH: 11    Dex: 12    Spells: 10/10 levels left

rFire    x . .     SeeInvis .   s - +1 broad axe (flame)
rCold    + + .     Faith    .   c - +0 kite shield
rNeg     + . .     Spirit   .   M - +1 ice dragon scales
rPois    +         Reflect  .   L - +1 hat {MR+}
rElec    .         Harm     .   C - +0 cloak
rCorr    .         Rampage  .   k - +0 pair of gloves
MR       ++...                  m - +0 pair of boots
Stlth    ..........             e - amulet of regeneration
HPRegen  0.67/turn              l - ring of poison resistance
MPRegen  0.14/turn              B - ring "Deuf" {rN+ MR+ Dex+2}

@: lethally poisoned (-11 -> -16), corroded, mesmerised
A: retaliatory headbutt, horns 2, weak 1
a: Heroism, Finesse, Renounce Religion


You were on level 9 of the Dungeon.
You worshipped Okawaru.
Okawaru was extremely pleased with you.
You visited 2 branches of the dungeon, and saw 11 of its levels.
You also visited: Sewer.

You collected 500 gold pieces.

Inventory:

Hand Weapons
 b - a +4 mace
 s - a +1 broad axe of flaming (weapon)
 y - a +2 demon trident of electrocution
 D - the +10 trident of Peril {vorpal, Str+7}
   (You found it on level 6 of the Dungeon)

   It inflicts extra damage upon your enemies.
   It affects your strength (+7).
Armour
 c - a +0 kite shield (worn)
 k - a +0 pair of gloves (worn)
 m - a +0 pair of boots (worn)
 C - a +0 cloak (worn)
 L - a +1 hat of magic resistance (worn)
 M - +1 ice dragon scales (worn)
Jewellery
 e - an amulet of regeneration (around neck)
 l - a ring of poison resistance (left hand)
 B - the ring "Deuf" (right hand) {rN+ MR+ Dex+2}
   (You found it on level 5 of the Dungeon)

   [ring of protection from magic]

   It affects your dexterity (+2).
   It protects you from negative energy.
   It affects your resistance to hostile enchantments.
 J - an uncursed ring of protection from cold
Wands
 w - a wand of acid (15)
 E - a wand of paralysis (16)
Scrolls
 f - 4 scrolls of magic mapping {@r5 !r}
 h - 2 scrolls of remove curse {@r2}
 j - 4 scrolls of teleportation {@r3 !r}
 q - 6 scrolls of immolation
 r - a scroll of fog {!r}
 u - 5 scrolls of enchant armour
 v - 3 scrolls of fear
 x - a scroll of identify {@r1}
 H - 2 scrolls of amnesia
Potions
 a - a potion of invisibility {unknown}
 d - 6 potions of might {@q3 !q}
 g - 2 potions of degeneration {unknown}
 i - 4 potions of flight
 n - 3 potions of lignification {unknown}
 o - 2 potions of berserk rage {unknown}
 p - a potion of brilliance {unknown}
 t - 3 potions of haste {unknown}
 z - 2 potions of heal wounds
 A - 4 potions of curing {unknown}
 G - a potion of stabbing {unknown}
Miscellaneous
 I - a box of beasts (3/3)
 K - a lightning rod (4/4)


   Skills:
 * Level 12.2 Fighting
 + Level 9.2 Axes
 + Level 8.9 Armour
 + Level 7.1 Dodging
 + Level 9.0 Shields
 * Level 6.5 Invocations


You had 10 spell levels left.
You didn't know any spells.
Your spell library contained the following spells:

 Spells                   Type           Power        Failure   Level
 Corona                   Hex            #......      97%         1
 Foxfire                  Conj/Fire      #...         97%         1
 Shock                    Conj/Air       #...         97%         1
 Ensorcelled Hibernation  Hex/Ice        #.....       99%         2
 Slow                     Hex            #.......     99%         2
 Swiftness                Air            #.......     99%         2
 Confusing Touch          Hex            #.......     100%        3
 Conjure Flame            Conj/Fire      #.......     100%        3
 Dazzling Flash           Conj/Hex       #.....       100%        3
 Inner Flame              Hex/Fire       #.......     100%        3
 Portal Projectile        Hex/Tloc       #.....       100%        3
 Static Discharge         Conj/Air       #.......     100%        3
 Tukima's Dance           Hex            #.......     100%        3
 Airstrike                Air            #.........   100%        4
 Cause Fear               Hex            #.........   100%        4
 Leda's Liquefaction      Hex/Erth       #.........   100%        4
 Sticky Flame             Conj/Fire      #.......     100%        4
 Fireball                 Conj/Fire      #.........   100%        5
 Lightning Bolt           Conj/Air       #.........   100%        5


Dungeon Overview and Level Annotations

Branches:
Dungeon (10/15)            Temple (1/1) D:6            Lair (0/6) D:10
  Sewer (visited)
    Orc: D:9-12

Altars:
Ashenzari
Cheibriados
Dithmenos
Elyvilon
Fedhas
Gozag
Hepliaklqana
Kikubaaqudgha
Makhleb
Nemelex Xobeh
Okawaru
Qazlal
Ru
Sif Muna
Trog
Uskayaw
Vehumet
Wu Jian
Xom
Yredelemnul
Zin
The Shining One

Annotations:
D:9 exclusion: obsidian statue


Innate Abilities, Weirdness & Mutations

You reflexively headbutt those who attack you in melee.
You have a pair of horns on your head.
You are weak. (Str -2)


Message History

You slash the shadow imp! You burn the shadow imp.
The obsidian statue's eyes glow briefly.
The obsidian statue attempts to bespell you!
You are mesmerised by the obsidian statue!
The shadow imp hits you but does no damage.
You block the orange demon's attack. The shadow imp hits you.
The rust devil hits you! The rust devil corrodes you!
The obsidian statue's eyes glow briefly.
The obsidian statue draws you further into its thrall.
The shadow imp shouts, "Embrace thy failure, thou feckless common-kissing wormtrail!"
The shadow imp gestures at you. You resist with almost no effort.
The iron imp is engulfed in seething chaos.
You block the iron imp's attack.
You hit the obsidian statue but do no damage.
The obsidian statue is heavily damaged.
You closely miss the shadow imp. You closely miss the rust devil.
You hit the iron imp. You closely miss the shadow imp.
The orange demon barely misses you. You block the shadow imp's attack.
The rust devil closely misses you. You block the shadow imp's attack.
The shadow imp barely misses you. You block the orange demon's attack.
You hit the obsidian statue but do no damage.
You headbutt the obsidian statue, but do no damage.
The obsidian statue is heavily damaged.
You closely miss the shadow imp.
You strike the helpless iron imp from behind!
You hit the iron imp but do no damage.
You hit the rust devil but do no damage.
You completely miss the shadow imp. The iron imp barely misses you.
The rust devil misses you. The shadow imp misses you. You furiously retaliate!
You headbutt the shadow imp.
You kill the shadow imp!
You block the shadow imp's attack. The orange demon stings you from afar!
You hit the obsidian statue.
The obsidian statue is heavily damaged.
You hit the rust devil but do no damage.
You hit the iron imp. You completely miss the shadow imp.
The iron imp stops moving altogether!
The rust devil hits you. The rust devil corrodes you!
You block the orange demon's attack.
The shadow imp hits you but does no damage.
You hit the obsidian statue but do no damage.
You headbutt the obsidian statue, but do no damage.
The obsidian statue is heavily damaged.
You closely miss the shadow imp.
The helpless iron imp fails to defend itself.
You hit the iron imp.
You hit the rust devil but do no damage.
The rust devil hits you! The rust devil corrodes you!
The obsidian statue's eyes glow briefly.
The orange demon stings you from afar. You block the shadow imp's attack.
You hit the obsidian statue but do no damage.
The obsidian statue is heavily damaged.
You hit the rust devil.
The helpless iron imp fails to defend itself.
You hit the iron imp but do no damage. You barely miss the shadow imp.
The rust devil barely misses you. The orange demon barely misses you.
You block the shadow imp's attack. You block the rust devil's attack.
You hit the obsidian statue.
The obsidian statue is heavily damaged.
You slash the rust devil!
The helpless iron imp fails to defend itself.
You hit the iron imp but do no damage. You hit the shadow imp.
You burn the shadow imp.
You kill the shadow imp!
The orange demon stings you from afar!
* * * LOW HITPOINT WARNING * * *
You block the rust devil's attack.
You hit the obsidian statue.
You headbutt the obsidian statue, but do no damage.
The obsidian statue is severely damaged.
You hit the rust devil but do no damage.
The helpless iron imp fails to defend itself.
You hit the iron imp but do no damage.
You hit the soul eater but do no damage.
The orange demon barely misses you. You block the soul eater's attack.
You block the rust devil's attack.
The obsidian statue's eyes glow briefly.
You hit the obsidian statue but do no damage.
You headbutt the obsidian statue, but do no damage.
The obsidian statue is severely damaged.
You hit the soul eater but do no damage.
The helpless iron imp fails to defend itself.
You hit the iron imp but do no damage. You slash the rust devil!
The orange demon stings you from afar.
* * * LOW HITPOINT WARNING * * *
You are poisoned.
The orange demon poisons you! The soul eater hits you!
* * * LOW HITPOINT WARNING * * *
The rust devil hits you.
* * * LOW HITPOINT WARNING * * *
The rust devil corrodes you! The orange demon closely misses you.
You slash the obsidian statue!
The obsidian statue is severely damaged.
You hit the soul eater but do no damage.
The helpless iron imp fails to defend itself.
You hit the iron imp but do no damage. You closely miss the rust devil.
You feel sick.
The orange demon disappears in a puff of smoke!
The soul eater hits you!!
You die...

#........#.##.##.###.#
#......#......##.# #.#
#......###.......# #.#
####......##########.###
######.......##.....#
#..#8#8#....#.#.#
#.#8..ยง8#...#.#.#####
#.8..?.48...#.......#
#...=8@)}.#.##...##.#
###.8.535.8.#.##.<.##.#
##)..#8...8#.#......##.#
#.....#8#8#..####.#.##.#
#.###.....(.## #.#.##.# #.#
#.##.#.## #......#
####)###..#.#.########.####
#####...........<)...........#
...#..###'###...........#..#.#


You could see an obsidian statue (mesmerising), a soul eater (summoned), a rust
devil (summoned), an iron imp (summoned, petrified) and a white imp (summoned).

Vanquished Creatures
  A two-headed ogre (D:9)
  Urug (D:10)
  The ghost of btv the Cleaver, a novice HOFi of Makhleb (D:6)
  An unseen horror (D:9)
  An ugly thing (D:9)
  A gargoyle (D:9)
  4 trolls
  A polar bear (shapeshifter) (D:9)
  A shadow (D:9)
  A wraith (D:10)
  11 yaks
  A vampire mosquito (D:9)
  4 orc warriors
  A sky beast (D:8)
  3 ice beasts (D:6)
  2 eyes of draining
  8 ogres
  2 necrophages
  2 centaurs
  2 big kobolds
  7 bullfrogs
  A gnoll sergeant (D:9)
  A wyvern skeleton (D:9)
  A scorpion (D:4)
  14 killer bees
  10 wights
  5 hounds
  2 quasits
  7 orc wizards
  2 orc priests
  A bullfrog skeleton (D:9)
  2 centaur skeletons
  3 iguanas
  9 worker ants
  A killer bee zombie (D:5)
  A hound zombie (D:6)
  3 hound skeletons (D:4)
  2 worker ant zombies
  12 adders
  2 gnolls
  3 river rats
  3 shadow imps
  5 white imps
  2 ufetubi
  An ooze (D:6)
  4 adder skeletons
  5 worms
  2 dart slugs
  An adder simulacrum (D:6)
  3 leopard geckos
  29 orcs
  6 giant cockroaches
  19 goblins
  14 hobgoblins
  20 jackals
  5 quokkas
  5 ball pythons
  17 bats
  4 frilled lizards
  11 kobolds
  A leopard gecko skeleton (D:7)
  A leopard gecko zombie (D:8)
  A quokka zombie (D:9)
  8 rats
305 creatures vanquished.

Vanquished Creatures (others)
  7 plants
7 creatures vanquished.

Grand Total: 312 creatures vanquished

Notes
Turn   | Place    | Note
-------+----------+-------------------------------------------
     0 | D:1      | Ozzies the Minotaur Fighter began the quest for the Orb.
     0 | D:1      | Reached XP level 1. HP: 19/19 MP: 0/0
    72 | D:1      | Reached skill level 4 in Fighting
   175 | D:1      | Reached XP level 2. HP: 24/28 MP: 1/1
   424 | D:1      | Reached skill level 5 in Fighting
   473 | D:1      | Reached XP level 3. HP: 29/36 MP: 2/2
  1150 | D:2      | Reached skill level 6 in Fighting
  1150 | D:2      | Reached XP level 4. HP: 29/44 MP: 3/3
  1872 | D:3      | Reached XP level 5. HP: 44/51 MP: 4/4
  1926 | D:3      | Reached skill level 7 in Fighting
  2175 | D:3      | Found a sacrificial altar of Ru.
  2352 | D:3      | Found a blossoming altar of Fedhas.
  2392 | D:3      | Found a sparkling altar of Nemelex Xobeh.
  2891 | D:4      | Reached skill level 1 in Dodging
  3011 | D:4      | Found a glowing drain.
  3025 | Sewer    | Entered a sewer
  3175 | Sewer    | Reached XP level 6. HP: 51/60 MP: 5/5
  3251 | Sewer    | Found a white marble altar of Elyvilon.
  3766 | D:4      | Reached XP level 7. HP: 52/66 MP: 6/6
  4279 | D:4      | Reached skill level 5 in Armour
  4290 | D:4      | Reached skill level 5 in Shields
  4337 | D:5      | Entered Level 5 of the Dungeon
  4544 | D:5      | Got a bound granite ring
  4835 | D:5      | Reached skill level 8 in Fighting
  5060 | D:6      | Found a runed translucent gate.
  5060 | D:6      | Found a runed translucent gate.
  5060 | D:6      | Found a runed translucent gate.
  5113 | D:6      | Identified the ring "Deuf" {rN+ MR+ Dex+2} (You found it on
                  | level 5 of the Dungeon)
  5220 | D:6      | Noticed btv's ghost (novice HOFi)
  5238 | D:6      | Got a bloodstained trident
  5238 | D:6      | Identified the +10 trident of Peril {vorpal, Str+7} (You
                  | found it on level 6 of the Dungeon)
  5458 | D:6      | Reached XP level 8. HP: 72/74 MP: 7/7
  5533 | D:6      | Found a staircase to the Ecumenical Temple.
  5538 | Temple   | Entered the Ecumenical Temple
  5668 | Temple   | Became a worshipper of Warmaster Okawaru
  5741 | D:6      | Reached skill level 5 in Axes
  5826 | D:6      | Found an opulent altar of Gozag.
  5828 | D:6      | Found a stormy altar of Qazlal.
  5828 | D:6      | Found a blossoming altar of Fedhas.
  6800 | D:7      | Reached * piety under Okawaru
  7165 | D:8      | Reached skill level 9 in Fighting
  7283 | D:8      | Reached skill level 5 in Dodging
  7283 | D:8      | Reached XP level 9. HP: 70/83 MP: 8/8
  7409 | D:8      | Noticed a troll
  7412 | D:8      | Killed a troll
  7418 | D:8      | Reached ** piety under Okawaru
  8011 | D:9      | Noticed an obsidian statue
  8018 | D:9      | Reached skill level 1 in Invocations
  8019 | D:9      | Reached skill level 10 in Fighting
  8313 | D:9      | Noticed a troll
  8317 | D:9      | Killed a troll
  8335 | D:9      | Reached *** piety under Okawaru
  8341 | D:9      | Noticed a brown ugly thing
  8348 | D:9      | Noticed a polar bear
  8349 | D:9      | Killed a brown ugly thing
  8356 | D:9      | Killed a polar bear
  8392 | D:9      | Killed an unseen horror
  8392 | D:9      | Reached **** piety under Okawaru
  8392 | D:9      | Reached XP level 10. HP: 40/94 MP: 11/11
  8767 | D:9      | Reached skill level 11 in Fighting
  8783 | D:9      | Reached ***** piety under Okawaru
  8881 | D:9      | Noticed a gargoyle
  8892 | D:9      | Killed a gargoyle
  8919 | D:9      | Reached skill level 5 in Invocations
  9464 | D:9      | Found an ancient bone altar of Kikubaaqudgha.
  9508 | D:9      | Noticed a two-headed ogre
  9516 | D:9      | Killed a two-headed ogre
  9516 | D:9      | Received a gift from Okawaru
  9516 | D:9      | Reached XP level 11. HP: 59/104 MP: 14/14
  9936 | D:9      | Noticed a sixfirhy
  9962 | D:9      | Gained mutation: You are weak. (Str -2) [a neqoxec]
  9980 | D:9      | Noticed a sun demon
  9982 | D:9      | Noticed a sixfirhy
 10347 | D:10     | Entered Level 10 of the Dungeon
 10924 | D:10     | Noticed Urug
 10934 | D:10     | Killed Urug
 10934 | D:10     | Reached skill level 12 in Fighting
 11294 | D:10     | Found a staircase to the Lair.
 11484 | D:10     | Found a shimmering blue altar of Sif Muna.
 11758 | D:6      | Killed btv's ghost
 12010 | D:9      | Noticed a soul eater
 12014 | D:9      | Mangled by a soul eater

Illustrated notes

Levels and vault maps discovered:
D:1:      sevenhm_arrival_forest_fort_large_2, layout_loops_ring
D:2:      layout_rooms
D:3:      cheibrodos_greedy_goblins, layout_basic, old_standard_altar,
          nicolae_ru_sacrificial_ziggurat, fedhas_altar_1
D:4:      cheibrodos_quashed, layout_loops_corners, portal_sewer_entry_e,
          minmay_goblin_outpost
D:5:      layout_loops_ring, minmay_misc_feat_doors, serial_bayou_pond_c,
          kennysheep_generic_room_12
D:6:      layout_loops_corners, gammafunk_temple_overflow_forgotten,
          temple_statues, gammafunk_ghost_icy, abandoned_shop
D:7:      layout_basic, kennysheep_generic_room_16
D:8:      minmay_weird_star, layout_cave_pods, minmay_misc_feat_roman
D:9:      minmay_the_grid_octo_tiled_squarecenter
          [minmay_the_grid_octo_tetromino_candy,
          minmay_the_grid_octo_thin_diamonds, minmay_the_grid_octo_toaster,
          minmay_the_grid_octo_clover_2,
          minmay_the_grid_square_5x5_megaprize_crossed,
          minmay_the_grid_square_5x5_tetrominoes, minmay_the_grid_square_5x5_c,
          minmay_the_grid_square_5x5_inset,
          minmay_the_grid_square_5x5_trominoes], layout_loops_cross,
          kennysheep_mini, minmay_statue_bubble
D:10:     kennysheep_orc_sif_temple, layout_cave_pools, kennysheep_cross_room,
          uniq_urug
Temple:   nicolae_temple_elliptical

Skill      XL: |  1  2  3  4  5  6  7  8  9 10 11 |
---------------+----------------------------------+-----
Fighting       | 4 5 6 7 8 9 10 11 12 | 12.2
Dodging        | 1 2 3 5 6 7 |  7.1
Axes           | 3 4 6 7 8 9 |  9.2
Armour         | 4 5 6 7 8 |  8.9
Shields        | 4 5 6 7 8 9 |  9.0
Invocations    | 3 5 6 |  6.5

Action                   |  1- 3 |  4- 6 |  7- 9 | 10-12 || total
-------------------------+-------+-------+-------+-------++-------
Melee: War axe           |    84 |   227 |    45 |       ||   356
       Headbutt          |    15 |    33 |    42 |    73 ||   163
       Hand axe          |       |       |    42 |       ||    42
       Trident           |       |       |   170 |    23 ||   193
       Broad axe         |       |       |     6 |    76 ||    82
       Demon trident     |       |       |       |   214 ||   214
  Use: Scroll            |       |     6 |       |     4 ||    10
       Potion            |       |       |     1 |       ||     1
 Stab: Petrified         |       |       |       |     6 ||     6
       Petrifying        |       |       |       |     1 ||     1
Armor: Scale mail        |    45 |    58 |       |       ||   103
       Chain mail        |       |    54 |    86 |    10 ||   150
       Plate armour      |       |       |       |    32 ||    32
       Ice dragon scales |       |       |       |    80 ||    80
Dodge: Dodged            |    36 |    52 |    84 |   143 ||   315
Block: Kite shield       |    61 |   110 |   130 |   209 ||   510

Table legend: (Time is in decaauts)
 A = Elapsed time spent in this place.
 B = Non-inter-level travel time spent in this place.
 C = Inter-level travel time spent in this place.
 D = Time resting spent in this place.
 E = Time spent auto-exploring this place.
 F = Levels seen in this place.
 G = Mean time per level.
                   A        B        C        D        E       F      G
               +--------+--------+--------+--------+--------+-----+--------+
         Total |  12284 |  11398 |    886 |   1235 |   8016 |  12 | 1023.7 |
       Dungeon |  11827 |  10968 |    859 |   1162 |   7730 |  10 | 1182.7 |
        Temple |    146 |    120 |     26 |      0 |    119 |   1 |  146.0 |
         Sewer |    309 |    309 |      0 |     73 |    167 |   1 |  309.0 |
               +--------+--------+--------+--------+--------+-----+--------+

Top non-repeatable levels by time:
     D:9: 2280 daAuts
     D:8: 1592 daAuts
     D:3: 1376 daAuts
     D:4: 1254 daAuts
     D:6: 1236 daAuts
     D:1: 895 daAuts
    D:10: 883 daAuts
     D:7: 813 daAuts
     D:2: 748 daAuts
     D:5: 746 daAuts
   Sewer: 309 daAuts
  Temple: 146 daAuts
